 Dungeon Crawl Stone Soup version 0.19-a0-465-g1d1674b (webtiles) character file.

23 ololoev the Firebug (level 2, 8/15 HPs)
             Began as a Deep Elf Fire Elementalist on June 3, 2016.
             Quit the game on level 4 of the Dungeon.
             The game lasted 00:01:29 (202 turns).

ololoev the Firebug (Deep Elf Fire Elementalist)     Turns: 202, Time: 00:01:30

Health: 8/15       AC:  2    Str:  5    XL:     2   Next: 72%
Magic:  2/8        EV: 13    Int: 19    God:
Gold:   25         SH:  0    Dex: 15    Spells: 1 memorised, 6 levels left

rFire  . . .     SeeInvis .     b - book of Flames
rCold  . . .     Gourm    .     a - +0 robe
rNeg   . . .     Faith    .     (no shield)
rPois  .         Spirit   .     (no helmet)
rElec  .         Dismiss  .     (no cloak)
rCorr  .         Reflect  .     (no gloves)
SustAt .         Harm     .     (no boots)
MR     .....                    (no amulet)
Stlth  ++........               (no ring)
                                (no ring)

@: lethally poisoned (8 -> -4), not resistant to hostile enchantments,
unstealthy
A: no striking features
a: no special abilities

Inventory:

Armour
 a - a +0 robe (worn)
Scrolls
 g - a scroll of magic mapping {unknown}
Potions
 d - 2 potions of brilliance {unknown}
 e - a potion of agility {unknown}
 f - a potion of flight {unknown}
Books
 b - a book of Flames (in hand)

   Spells                             Type                      Level
   a - Flame Tongue                   Conjuration/Fire             1
   b - Throw Flame                    Conjuration/Fire             2
   c - Conjure Flame                  Conjuration/Fire             3
   d - Inner Flame                    Hexes/Fire                   3
   e - Sticky Flame                   Conjuration/Fire             4
   f - Fireball                       Conjuration/Fire             5
Comestibles
 c - a bread ration
 h - a meat ration


   Skills:
 - Level 2.4 Dodging
 - Level 2.4 Stealth
 + Level 3.3 Spellcasting
 * Level 2.3 Conjurations
 + Level 3.6 Fire Magic


You had 6 spell levels left.
You knew the following spells:

 Your Spells              Type           Power        Failure   Level  Hunger
a - Flame Tongue          Conj/Fire      ##...        6%          1    None


You were on level 4 of the Dungeon.
You were not hungry.

You visited 1 branch of the dungeon, and saw 3 of its levels.

You collected 25 gold pieces.

###..... ..#
...... ... ..#
....#####
#.######..##
........#
#..........
....###.###o#
#.. ....#
#.....# ###.#
....# #.###.#
#...# #....
#.#
#.###Z#.###.##
#..#.##.#
#..)a#@.......
#..#.##..
#####.#.#.####
...#....#
#....# #.#
....... ..
#....####
..a..# .......
....[[##

Notes
Turn   | Place    | Note
--------------------------------------------------------------
     0 | D:1      | ololoev the Deep Elf Fire Elementalist began the quest for the Orb.
     0 | D:1      | Reached XP level 1. HP: 10/10 MP: 6/6
   127 | D:2      | Reached XP level 2. HP: 11/15 MP: 4/8
   180 | D:2      | You fall through a shaft for 2 floors!
   202 | D:4      | Quit the game

Dungeon Overview and Level Annotations

Branches:
Dungeon (2/15)

Altars:


Message History

You miscast Flame Tongue.
You are very lightly contaminated with residual magic.
Nothing appears to happen.
You see here a worm corpse.
Wield which item (- for none, * to show all)? (? for menu, Esc to quit)
b - a book of Flames (in hand)
You swing at nothing.
You swing at nothing.
You swing at nothing.
You swing at nothing.
You swing at nothing.
You swing at nothing.
You swing at nothing.
You swing at nothing.
You swing at nothing.
You swing at nothing.
Your magical contamination has completely faded away.
You see here a worm corpse.
There is a stone staircase leading up here.
Casting: Flame Tongue
Confirm with . or Enter, or press ? or * to list all spells.
Aiming: Flame Tongue
Press: ? - help, Shift-Dir - straight line, f/p - hobgoblin
Aim: a hobgoblin (resting)
The flame tongue hits the hobgoblin.
You kill the hobgoblin!
You climb upwards.
There is a stone staircase leading down here.
You climb downwards.
There is a stone staircase leading up here.
Found a meat ration.
There is a shaft here.
You see here a hobgoblin corpse.
h - a meat ration
There is a shaft here.
You fall through a shaft for 2 floors!
The shaft crumbles and collapses.
You hear the hiss of flowing sand.
There is an entrance to an ossuary on this level.
Hurry and find it before the portal is buried!
A hound comes into view.
An orc comes into view. It is wielding a flail.
The orc shouts!
You hear a shout! x3
A howler monkey skeleton comes into view.
The orc misses you.
A worker ant comes into view.
An orc comes into view.
A worker ant comes into view.
Found a chain mail and two leather armours.
Casting: Flame Tongue
Confirm with . or Enter, or press ? or * to list all spells.
Aiming: Flame Tongue
Press: ? - help, Shift-Dir - straight line, f - orc
Aim: an orc, wielding a flail and wearing a leather armour The flame tongue hits the orc.
You kill the orc!
An adder skeleton comes into view.
Casting: Flame Tongue
Confirm with . or Enter, or press ? or * to list all spells.
Aiming: Flame Tongue
Press: ? - help, Shift-Dir - straight line, f - orc
Aim: an orc The flame tongue misses the orc.
Casting: Flame Tongue
Confirm with . or Enter, or press ? or * to list all spells.
Aiming: Flame Tongue
Press: ? - help, Shift-Dir - straight line, f/p - orc
Aim: an orc The flame tongue hits the orc.
You kill the orc!
Casting: Flame Tongue
Confirm with . or Enter, or press ? or * to list all spells.
Aiming: Flame Tongue
Press: ? - help, Shift-Dir - straight line, f - adder skeleton
Aim: an adder skeleton The flame tongue hits the adder skeleton.
The adder skeleton bites you. The worker ant bites you.
You are lethally poisoned!
The worker ant poisons you!
You feel sick.
Are you sure you want to abandon this character and quit the game? (Confirm with "yes".)

You could see a worker ant (sleeping) and an adder skeleton.

Vanquished Creatures
  An adder (D:2)
  A worm (D:2)
  2 orcs (D:4)
  A goblin (D:1)
  2 hobgoblins
  2 bats (D:1)
  A rat (D:1)
10 creatures vanquished.

Action                   || total
-------------------------++-------
 Cast: Flame Tongue      ||    20
Dodge: Dodged            ||     2

Vault maps used:
D:1:      co_arrival_random_square_maze, minmay_distorted
D:2:      first_bread, uniq_robin, uniq_sigmund
D:4:      kennysheep_slug_shrine, minmay_temple_entry_enclosed_plants,
          enter_ossuary_2
